 Dungeon Crawl Stone Soup version 0.30-a0-134-gb40fab5c76 (webtiles) character file.

Game seed: 3169117498482870806

33 Nedwor the Trooper (level 3, 29/29 HPs)
             Began as a Demonspawn Fighter on Sept 20, 2022.
             Quit the game on level 2 of the Dungeon.
             The game lasted 00:02:13 (1721 turns).

Nedwor the Trooper (Demonspawn Fighter)             Turns: 1721, Time: 00:02:14

Health: 29/29      AC: 10    Str: 18    XL:     3   Next: 12%
Magic:  3/3        EV:  9    Int:  9    God:
Gold:   115        SH:  4    Dex: 12    Spells: 2/2 levels left

rFire   . . .      SeeInvis .    a - +0 rapier
rCold   . . .      Faith    .    c - +0 buckler
rNeg    . . .      Spirit   .    b - +0 scale mail
rPois   .          Reflect  .    (helmet restricted)
rElec   .          Harm     .    l - +0 cloak
rCorr   .          Rampage  .    k - +0 pair of gloves
Will    .....                    (no boots)
Stlth   ..........               (no amulet)
HPRegen 0.09/turn                (no ring)
MPRegen 0.08/turn                (no ring)

@: no status effects
A: antennae 1, sharp scales 1
a: no special abilities


You were on level 2 of the Dungeon.
You visited 1 branch of the dungeon, and saw 2 of its levels.

You collected 115 gold pieces.

Inventory:

Hand Weapons
 a - a +0 rapier (weapon)
Missiles
 p - a throwing net (quivered)
Armour
 b - a +0 scale mail (worn)
 c - a +0 buckler (worn)
 k - a +0 pair of gloves (worn)
 l - a +0 cloak (worn)
Jewellery
 q - a ring of fire
Scrolls
 f - 2 scrolls of vulnerability {unknown}
 m - a scroll of acquirement {unknown}
 n - a scroll of blinking {unknown}
Potions
 d - a potion of might
 g - a potion of curing {unknown}
 h - a potion of lignification {unknown}
 i - 2 potions of invisibility {unknown}
 j - a potion of cancellation {unknown}
 o - a potion of flight {unknown}
 r - 2 potions of experience {unknown}


   Skills:
 + Level 3.2 Fighting
 * Level 2.3 Short Blades
 + Level 3.0 Armour
 + Level 0.7 Dodging
 + Level 2.9 Shields


You had 2 spell levels left.
You didn't know any spells.
Your spell library contained the following spells:

 Spells                   Type           Power      Damage    Failure   Level
 Necrotise                Necr           0%         1d4       86%         1
 Vampiric Draining        Necr           0%         2d6       99%         3
 Agony                    Necr           0%         N/A       100%        5


Dungeon Overview and Level Annotations

Branches:
Dungeon (2/15)

Altars:

Shops:
D:1 [


Innate Abilities, Weirdness & Mutations

You have a pair of small antennae on your head.
You are partially covered in razor-sharp scales. (AC +1, Slay +1)


Message History

No target in view!
You see here a ball python corpse.
You now have 99 gold pieces (gained 3).
r - 2 orange potions
Found 5 javelins.
Found a stone.
You now have 115 gold pieces (gained 16).
You see here a ball python corpse.
Found 4 stones.
A kobold comes into view. It is wielding a +0 dagger.
The kobold shouts!
A kobold is nearby!
A kobold is nearby!
A kobold is nearby!
You hit the kobold.
You kill the kobold!
No target in view!
No target in view!
No target in view!
No target in view!
No target in view!
No target in view!
No target in view!
No target in view!
No target in view!
No target in view!
No target in view!
No target in view!
No target in view!
No target in view!
You see here a +0 dagger.
Done exploring.
Done exploring.
Done exploring.
Done exploring.
No target in view!
You drop a scarf of invisibility.
Done exploring.
Done exploring.
Are you sure you want to abandon this character and quit the game? (Confirm with "yes".)

#.##.....###.........
#.##.##.......###..##
#.##.##.##...## #.##
####.##.##....#..###.#
#...........####.....#
#...........#####....###
#..............##.##....
#.........####.##.##.###
#......@..# #.##.##.# #
#.........# #.#..##.#
#.........####.#.###)###
#.[....(................
####..#..#####..####.###
#...##.># #..#.<.....
#.....#.####..#.......
##....................
####.#.#####.#...<...


There were no monsters in sight!

Vanquished Creatures
  A dart slug (D:1)
  6 ball pythons
  5 endoplasms
  4 giant cockroaches (D:1)
  A hobgoblin (D:1)
  3 kobolds
  A bat (D:1)
  2 frilled lizards
  4 goblins
  2 rats (D:1)
29 creatures vanquished.

Notes
Turn   | Place    | Note
-------+----------+-------------------------------------------
     0 | D:1      | Nedwor the Demonspawn Fighter began the quest for the Orb.
     0 | D:1      | Reached XP level 1. HP: 18/18 MP: 1/1
   293 | D:1      | Gained mutation: You are partially covered in razor-sharp
                  | scales. (AC +1, Slay +1) [demonic ancestry]
   293 | D:1      | Reached XP level 2. HP: 11/24 MP: 2/2
   847 | D:1      | Found Hikienwa's Antique Armour Shoppe.
  1382 | D:2      | Gained mutation: You have a pair of small antennae on your
                  | head. [demonic ancestry]
  1382 | D:2      | Reached XP level 3. HP: 27/29 MP: 3/3
  1485 | D:2      | Found a faded altar of an unknown god.
  1721 | D:2      | Quit the game

Illustrated notes

Levels and vault maps discovered:
D:1:      mainiacjoe_arrival_reflecting_pool, layout_basic, serial_shops,
          nicolae_shop_hallway_plus, minmay_3d_cube
D:2:      layout_rooms, ebering_ecumenical_altar_rust

Skill      XL: |  1  2 |
---------------+-------+-----
Short Blades   | 2 |  2.3
Armour         | 3 |  3.0
Fighting       | |  3.2
Dodging        | |  0.7
Shields        | |  2.9

Action                   || total
-------------------------++-------
Melee: Rapier            ||    93
  Use: Scroll            ||     1
Armor: Scale mail        ||    34
Dodge: Dodged            ||    34
Block: Buckler           ||    11

Table legend: (Time is in decaauts)
 A = Elapsed time spent in this place.
 B = Non-inter-level travel time spent in this place.
 C = Inter-level travel time spent in this place.
 D = Time resting spent in this place.
 E = Time spent auto-exploring this place.
 F = Levels seen in this place.
 G = Mean time per level.
                   A        B        C        D        E       F      G
               +--------+--------+--------+--------+--------+-----+--------+
         Total |   1733 |   1694 |     39 |      0 |   1442 |   2 |  866.5 |
       Dungeon |   1733 |   1694 |     39 |      0 |   1442 |   2 |  866.5 |
               +--------+--------+--------+--------+--------+-----+--------+

Top non-repeatable levels by time:
     D:1: 1159 daAuts
     D:2: 573 daAuts
